 Dungeon Crawl Stone Soup version 0.23.2-40-g277498a001 (webtiles) character file.

Game seed: 7136493740722036627

115 Fanfaron the Skirmisher (level 5, -3/34 HPs)
             Began as a Gargoyle Fighter on Oct 10, 2019.
             Slain by Menkaure (11 damage)
             ... on level 4 of the Dungeon.
             The game lasted 00:05:22 (2824 turns).

Fanfaron the Skirmisher (Gargoyle Fighter)          Turns: 2824, Time: 00:05:22

Health: -3/34      AC: 10    Str: 19    XL:     5   Next: 0%
Magic:  5/5        EV:  7    Int:  9    God:
Gold:   308        SH:  9    Dex: 10    Spells: 4/4 levels left

rFire    + . .     SeeInvis .   a - +0 flail
rCold    . . .     Gourm    .   c - +0 shield
rNeg     + . .     Faith    .   b - +0 scale mail
rPois    ∞         Spirit   .   (no helmet)
rElec    +         Reflect  .   (no cloak)
rCorr    .         Harm     .   (no gloves)
MR       .....                  (no boots)
Stlth    ..........             (no amulet)
HPRegen  0.11/turn              r - ring of protection from fire
MPRegen  0.09/turn              (no ring)

@: no status effects
A: negative energy resistance 1, electricity resistance, unbreathing,
petrification resistance, rot immunity, AC +4
a: no special abilities


You were on level 4 of the Dungeon.
You were not hungry.

You visited 1 branch of the dungeon, and saw 4 of its levels.

You collected 308 gold pieces.

Inventory:

Hand Weapons
 a - a +0 flail (weapon)
Armour
 b - a +0 scale mail (worn)
 c - a +0 shield (worn)
Jewellery
 r - a ring of protection from fire (left hand)
Wands
 g - a wand of iceblast (11)
Scrolls
 e - a scroll of amnesia {unknown}
 i - 2 scrolls of fog {unknown}
 k - a scroll of enchant armour {unknown}
 m - 2 scrolls of enchant weapon {unknown}
 o - 4 scrolls of identify {unknown}
 p - a scroll of magic mapping {unknown}
 s - a scroll of fear {unknown}
Potions
 d - a potion of might
 h - 2 potions of berserk rage {unknown}
 j - 2 potions of haste {unknown}
 l - a potion of agility {unknown}
 n - a potion of magic {unknown}
 q - a potion of curing {unknown}
Comestibles
 f - 7 rations
 t - 8 chunks of flesh


   Skills:
 + Level 4.3 Fighting
 * Level 4.2 Maces & Flails
 - Level 3.2 Armour
 - Level 3.2 Shields


You had 4 spell levels left.
You didn't know any spells.
Your spell library was empty.

Dungeon Overview and Level Annotations

Branches:
Dungeon (4/15)
 Temple: D:4-7

Altars:
Fedhas
Hepliaklqana
Nemelex Xobeh

Annotations:
D:4 Menkaure


Innate Abilities, Weirdness & Mutations

You are resistant to torment.
Your stone body is resilient. (AC +4)
You are immune to poison.
You resist negative energy. (rN+)
You are resistant to electric shocks. (rElec)
You can survive without breathing.
You are immune to petrification.
You are immune to rotting.


Message History

You hit Menkaure.
Menkaure is lightly damaged.
Menkaure sighs, "From dust you came, to dust you will return."
Menkaure mumbles some strange words.
Menkaure seems to speed up.
You hit Menkaure.
Menkaure is lightly damaged.
Menkaure closely misses you. You block Menkaure's attack.
You hit Menkaure.
Menkaure is moderately damaged.
Menkaure hits you!
Your shield and scale mail prevent you from hitting Menkaure.
Menkaure is moderately damaged.
Menkaure barely misses you. Menkaure hits you!!
Ouch! That really hurt!
* * * LOW HITPOINT WARNING * * *
You hit Menkaure.
Menkaure is heavily damaged.
Menkaure hits you!
You die...

####...#### ###
####.....#
#.M......#########
#.#####)##(......#
#.##.......#####
#.....###....... #.#
#)).....##.#####
.....#####)##.##.##.#
#....@M.##.##.##.#
#...$...####.....(.#
#.......# ###...###
#.##.##.# #...# # #.
#.# #...# # ..
..######...#####.. ##
#.#..............#
............^....#
#.............##


You could see Menkaure.

Vanquished Creatures
  Ijyb (D:4)
  2 adders
  3 worms (D:3)
  6 orcs
  A ball python (D:3)
  4 giant cockroaches
  6 goblins
  8 hobgoblins
  4 jackals (D:3)
  A quokka (D:2)
  5 bats
  4 frilled lizards
  5 kobolds
  6 rats
56 creatures vanquished.

Vanquished Creatures (others)
  3 toadstools (D:1)
3 creatures vanquished.

Grand Total: 59 creatures vanquished

Notes
Turn   | Place    | Note
-------+----------+-------------------------------------------
     0 | D:1      | Fanfaron the Gargoyle Fighter began the quest for the Orb.
     0 | D:1      | Reached XP level 1. HP: 14/14 MP: 1/1
   496 | D:1      | Reached XP level 2. HP: 19/19 MP: 2/2
  1063 | D:2      | Reached XP level 3. HP: 24/24 MP: 3/3
  1235 | D:2      | Found a hazy altar of Hepliaklqana.
  1241 | D:2      | Found a sparkling altar of Nemelex Xobeh.
  1782 | D:3      | Found a blossoming altar of Fedhas.
  1871 | D:3      | Reached XP level 4. HP: 29/29 MP: 4/4
  2669 | D:4      | Noticed Ijyb
  2683 | D:4      | Killed Ijyb
  2783 | D:4      | Reached XP level 5. HP: 30/34 MP: 5/5
  2790 | D:4      | Noticed Menkaure
  2824 | D:4      | Slain by Menkaure

Skill      XL: |  1  2  3  4 |
---------------+-------------+-----
Maces & Flails | 3 4 |  4.2
Fighting       | 4 |  4.3
Armour         | |  3.2
Shields        | |  3.2

Action                   |  1- 3 |  4- 6 || total
-------------------------+-------+-------++-------
Melee: Flail             |   125 |    75 ||   200
  Eat: Chunk             |     3 |     3 ||     6
Armor: Scale mail        |    50 |    36 ||    86
Dodge: Dodged            |    43 |    26 ||    69
Block: Shield            |    68 |    45 ||   113
